 Dungeon Crawl Stone Soup version 0.24-a0-139-geb6712d (webtiles) character file.

Game seed: 0

878728 Arthanis the Conqueror (level 27, -4/204 HPs)
             Began as a Gargoyle Berserker on Mar 2, 2019.
             Was the Champion of the Shining One.
             Slain by Antaeus (5 damage)
             ... on level 7 of Cocytus.
             The game lasted 02:35:29 (46875 turns).

Arthanis the Conqueror (Gargoyle Berserker)        Turns: 46875, Time: 02:35:30

Health: -4/204     AC: 54    Str: 26    XL:     27
Magic:  35/40      EV:  8    Int: 17    God:    the Shining One [******]
Gold:   4077       SH:  0    Dex:  5    Spells: 25/26 levels left

rFire    + + .     SeeInvis +   b - +9 executioner's axe (holy)
rCold    + + +     Gourm    .   (shield currently unavailable)
rNeg     + + +     Faith    .   t - +7 gold dragon scales
rPois    ∞         Spirit   .   a - +1 hat {SInv}
rElec    +         Reflect  .   J - scarf {rC+ rF+}
rCorr    .         Harm     .   z - +0 pair of gloves {Str+3}
MR       +++..     Rnd*Rage +   A - +0 pair of boots
Stlth    ..........             G - amulet of regeneration
HPRegen  0.84/turn              S - ring of Feriqaf {*Slow rElec rPois Str+2}
MPRegen  0.27/turn              H - ring "Jumerub" {rC+ MR+}

@: berserk cooldown, flying, slowed, glowing, very slow
A: antennae 1, big wings, hooves 1, rugged brown scales 1, berserk 1, clumsy 2,
deterioration 1, dopey 1, negative energy resistance 1, screaming 1, electricity
resistance, weak 1, unbreathing, petrification resistance, no potion heal 1, rot
immunity, AC +20
}: 9/15 runes: decaying, silver, abyssal, demonic, glowing, magical, fiery,
dark, gossamer
a: Stop Flying, Divine Shield, Cleansing Flame, Summon Divine Warrior, Renounce
Religion


You were on level 7 of Cocytus.
You worshipped the Shining One.
The Shining One was exalted by your worship.
You were not hungry.

You visited 10 branches of the dungeon, and saw 54 of its levels.
You visited Pandemonium 1 time, and saw 24 of its levels.
You visited the Abyss 2 times.
You visited 2 bazaars.
You also visited: Sewer, Ice Cave, Volcano, Wizlab and Desolation.

You collected 6434 gold pieces.
You spent 2357 gold pieces at shops.

Inventory:

Hand Weapons
 b - a +9 executioner's axe of holy wrath (weapon)
 U - the +8 Wrath of Trog {antimagic, *Rage}
   (You found it on level 3 of the Depths)

   It reduces the magical energy of the wielder, and disrupts the spells and
   magical abilities of those hit.
   Natural abilities and divine invocations are not affected.
   It may make you go berserk in combat.
Armour
 a - a +1 hat of see invisible (worn)
 t - +7 gold dragon scales (worn)
 v - the +1 cloak of Crawling {rF+ Slay+2 Stlth+}
   (You found it in an ice cave)

   It affects your accuracy and damage with ranged weapons and melee attacks
   (+2).
   It protects you from fire.
   It makes you more stealthy.
 z - a +0 pair of gloves of strength (worn)
 A - a +0 pair of boots (worn)
 J - a scarf of resistance (worn)
Jewellery
 k - an uncursed ring of ice
 w - a +5 amulet of reflection
 B - an uncursed ring of fire
 D - the ring of the Jester {Wiz +Blink MR++ Str+4 Dex-5}
   (You found it in the Desolation of Salt)

   [ring of wizardry]

   It improves your spell success rate.
   It affects your strength (+4).
   It affects your dexterity (-5).
   It affects your resistance to hostile enchantments.
   It lets you blink.
 G - an amulet of regeneration (around neck)
 H - the ring "Jumerub" (right hand) {rC+ MR+}
   (You found it on level 3 of the Depths)

   [ring of protection from cold]

   It protects you from cold.
   It affects your resistance to hostile enchantments.
 K - the ring of Shadows {Umbra +Inv Stlth+}
   (You bought it in a shop on level 2 of the Orcish Mines)

   [ring of stealth]

   It lets you turn invisible.
   It makes you more stealthy.
 R - a +4 ring of slaying
 S - the ring of Feriqaf (left hand) {*Slow rElec rPois Str+2}
   (You found it in Pandemonium)

   [ring of strength]

   It affects your strength (+2).
   It insulates you from electricity.
   It protects you from poison.
   It may slow you when you take damage.
 T - a +5 ring of strength
Wands
 f - a wand of disintegration (11)
 y - a wand of paralysis (85)
 L - a wand of digging (16)
 O - a wand of iceblast (36)
 X - a wand of acid (25)
Scrolls
 d - 26 scrolls of remove curse
 h - 11 scrolls of enchant weapon
 o - a scroll of silence {unknown}
 q - 9 scrolls of teleportation
 r - 5 scrolls of fog
 C - 12 scrolls of immolation
 F - 4 scrolls of blinking
 Q - 4 scrolls of magic mapping
 W - 3 scrolls of fear
 Y - 2 scrolls of summoning
 Z - 4 scrolls of holy word
Potions
 e - 12 potions of lignification
 g - 9 potions of ambrosia
 i - 6 potions of heal wounds
 j - 7 potions of brilliance
 l - 2 potions of cancellation
 m - 5 potions of berserk rage
 n - 8 potions of resistance
 p - 6 potions of mutation
 u - 2 potions of agility
 x - 9 potions of haste
 E - 15 potions of curing
 M - 4 potions of magic
 V - 4 potions of might
Miscellaneous
 I - a lamp of fire
 N - 5 sacks of spiders
 P - 9 boxes of beasts
Comestibles
 c - 38 rations


   Skills:
 O Level 27 Fighting
 O Level 27 Axes
 - Level 17.2 Armour
 - Level 12.3 Dodging
 + Level 26.1 Invocations
 - Level 12.1 Evocations


You had 25 spell levels left.
You knew the following spells:

 Your Spells              Type           Power        Failure   Level  Hunger
a - Summon Butterflies    Summ           #.......     99%         1    ##.....

Your spell library contained the following spells:

 Spells                   Type           Power        Failure   Level  Hunger
 Animate Skeleton         Necr           N/A          99%         1    ##.....
 Apportation              Tloc           #.....       99%         1    ##.....
 Confusing Touch          Hex            #.....       99%         1    ##.....
 Corona                   Hex            #......      99%         1    ##.....
 Flame Tongue             Conj/Fire      #....        99%         1    ##.....
 Freeze                   Ice            #...         99%         1    ##.....
 Magic Dart               Conj           #...         99%         1    ##.....
 Pain                     Necr           #...         99%         1    ##.....
 Sandblast                Erth           #.....       99%         1    ##.....
 Shock                    Conj/Air       #...         99%         1    ##.....
 Sting                    Conj/Pois      #...         99%         1    ##.....
 Summon Small Mammal      Summ           #...         99%         1    ##.....
 Blink                    Tloc           N/A          100%        2    ###....
 Call Imp                 Summ           #.......     100%        2    ###....
 Corpse Rot               Necr           N/A          100%        2    ###....
 Poisonous Vapours        Pois/Air       #.....       100%        2    ###....
 Shroud of Golubria       Chrm/Tloc      #.........   100%        2    ###....
 Slow                     Hex            #.......     100%        2    ###....
 Swiftness                Chrm/Air       #.......     100%        2    ###....
 Throw Flame              Conj/Fire      #.....       100%        2    ###....
 Throw Frost              Conj/Ice       #.....       100%        2    ###....
 Call Canine Familiar     Summ           #.......     100%        3    ####...
 Conjure Flame            Conj/Fire      #.......     100%        3    ####...
 Gell's Gravitas          Tloc           #.........   100%        3    ####...
 Ignite Poison            Fire/Tmut/Pois #.......     100%        3    ####...
 Inner Flame              Hex/Fire       #.......     100%        3    ####...
 Lesser Beckoning         Tloc           #.........   100%        3    ####...
 Mephitic Cloud           Conj/Pois/Air  #.......     100%        3    ####...
 Ozocubu's Armour         Chrm/Ice       #.......     100%        3    ####...
 Portal Projectile        Hex/Tloc       #.....       100%        3    ####...
 Recall                   Summ/Tloc      N/A          100%        3    ####...
 Regeneration             Chrm/Necr      #.........   100%        3    ####...
 Stone Arrow              Conj/Erth      #.....       100%        3    ####...
 Summon Guardian Golem    Hex/Summ       #.......     100%        3    ####...
 Tukima's Dance           Hex            #.......     100%        3    ####...
 Vampiric Draining        Necr           #.........   100%        3    ####...
 Animate Dead             Necr           N/A          100%        4    #####..
 Cause Fear               Hex            #.........   100%        4    #####..
 Leda's Liquefaction      Hex/Erth       #.........   100%        4    #####..
 Olgreb's Toxic Radiance  Pois           #.......     100%        4    #####..
 Passage of Golubria      Tloc           N/A          100%        4    #####..
 Petrify                  Tmut/Erth      #.......     100%        4    #####..
 Sticky Flame             Conj/Fire      #.......     100%        4    #####..
 Summon Ice Beast         Ice/Summ       #.......     100%        4    #####..
 Summon Lightning Spire   Summ/Air       #.......     100%        4    #####..
 Throw Icicle             Conj/Ice       #.......     100%        4    #####..
 Alistair's Intoxication  Tmut/Pois      #.......     100%        5    ######.
 Aura of Abjuration       Summ           #.........   100%        5    ######.
 Bolt of Magma            Conj/Fire/Erth #.........   100%        5    ######.
 Borgnjor's Vile Clutch   Necr/Erth      #.........   100%        5    ######.
 Dispel Undead            Necr           #.......     100%        5    ######.
 Excruciating Wounds      Chrm/Necr      #.........   100%        5    ######.
 Fireball                 Conj/Fire      #.........   100%        5    ######.
 Irradiate                Conj/Tmut      #.........   100%        5    ######.
 Silence                  Hex/Air        #.........   100%        5    ######.
 Summon Demon             Summ           #.........   100%        5    ######.
 Summon Forest            Summ/Tloc      #.........   100%        5    ######.
 Summon Mana Viper        Hex/Summ       #.......     100%        5    ######.
 Venom Bolt               Conj/Pois      #.........   100%        5    ######.
 Yara's Violent Unravell  Hex/Tmut       #.........   100%        5    ######.
 Bolt of Fire             Conj/Fire      #.........   100%        6    #######
 Death Channel            Necr           #.........   100%        6    #######
 Deflect Missiles         Chrm/Air       #.........   100%        6    #######
 Hydra Form               Tmut           #.........   100%        6    #######
 Invisibility             Hex            #.......     100%        6    #######
 Shadow Creatures         Summ           N/A          100%        6    #######
 Simulacrum               Ice/Necr       #.........   100%        6    #######
 Dragon Form              Tmut           #.........   100%        7    #######
 Malign Gateway           Summ/Tloc      #.........   100%        7    #######
 Monstrous Menagerie      Summ           #.........   100%        7    #######
 Ring of Flames           Chrm/Fire      #.........   100%        7    #######
 Summon Greater Demon     Summ           #.........   100%        7    #######
 Summon Hydra             Summ           #.........   100%        7    #######
 Discord                  Hex            #.........   100%        8    #######
 Disjunction              Tloc           #.........   100%        8    #######
 Ignition                 Fire           #.........   100%        8    #######
 Summon Horrible Things   Summ           #.........   100%        8    #######
 Sublimation of Blood     Necr           Unusable     N/A         2    N/A
 Statue Form              Tmut/Erth      Unusable     N/A         6    N/A

Dungeon Overview and Level Annotations

Branches:
Dungeon (15/15)            Temple (0/1) D:6            Lair (6/6) D:8
  Swamp (4/4) Lair:3       Spider (4/4) Lair:2        Slime (0/5) Lair:5
    Orc (2/2) D:10            Elf (0/3) Orc:2        Vaults (5/5) D:14
 Depths (5/5) D:15           Hell (1/1)                 Dis (0/7) Hell
    Geh (0/7) Hell            Coc (7/7) Hell            Tar (0/7) Hell
    Zot (5/5) Depths:5
  Crypt: Vaults:2-3

Altars:
Ashenzari
Elyvilon
Fedhas
Hepliaklqana
Makhleb
Okawaru
Uskayaw
Xom
Zin
The Shining One
Lugonu

Shops:
D:10 }   D:12 %   Orc:2 (?=%=([   Vaults:4 *   Depths:3 :[=[   Depths:5 }==

Portals:
Hell: Depths:1 Depths:2 Depths:3 Depths:4 Depths:5
Abyss: Depths:1 Depths:3 Depths:4
Pandemonium: Depths:3 Depths:4
Ziggurat: Depths:1

Annotations:
D:11 3 runed translucent doors
Hell exclusion: ice statue
Coc:7 Antaeus


Innate Abilities, Weirdness & Mutations

You are resistant to torment.
Your stone body is resilient. (AC +20)
You are immune to poison.
Your large and strong wings let you fly indefinitely.
You resist negative energy. (rN+)
You are resistant to electric shocks. (rElec)
You can survive without breathing.
You are immune to petrification.
You are immune to rotting.
You have a pair of small antennae on your head.
You have large cloven feet.
You are partially covered in rugged brown scales. (AC +1, +3% HP)
You tend to lose your temper in combat.
You are very clumsy. (Dex -4)
Your body sometimes deteriorates upon taking damage.
You are dopey. (Int -2)
You occasionally shout uncontrollably at your foes.
You are weak. (Str -2)
Potions are less effective at restoring your health.


Message History

Antaeus is almost dead.
The golden flame engulfs the Ice Fiend!!!
The Ice Fiend writhes in agony!
The Ice Fiend is heavily wounded.
You feel somewhat more hungry. The ice encasing you melts away.
You hear a shout!
Antaeus hits you!!
* * * LOW HITPOINT WARNING * * *
Antaeus freezes you. You resist.
* * * LOW HITPOINT WARNING * * *
Antaeus hits you but does no damage. The Ice Fiend claws you.
* * * LOW HITPOINT WARNING * * *
The Ice Fiend freezes you! You resist.
* * * LOW HITPOINT WARNING * * *
The Ice Fiend claws you but does no damage.
Antaeus hits you!!
* * * LOW HITPOINT WARNING * * *
Antaeus freezes you. You resist.
You die...

≈≈≈≈≈≈≈E.......
................
.≈≈≈≈≈≈≈≈.......≈
≈≈≈≈≈≈≈≈≈≈≈...≈≈≈
≈≈≈≈≈≈≈≈≈≈≈..≈≈≈≈
≈≈≈≈≈≈≈≈≈≈≈2....
≈≈≈≈≈≈≈≈C1≈≈....
≈≈≈≈≈≈Y≈@≈≈≈#
≈≈≈≈≈≈≈≈≈≈≈##
≈≈≈≈≈≈≈≈≈≈≈## ##########
≈≈≈≈≈≈≈≈###≈###.....$#.##
≈≈≈≈≈#######........$$$$#
≈≈### ###...........$$$$
# #..............$$$
#................$$#
≈≈≈≈≈≈...........$##


You could see Antaeus, an Ice Fiend, a reaper, an elemental wellspring and an
ice beast.

Vanquished Creatures
  Gloorx Vloq (Pan)
  Lom Lobon (Pan)
  Mnoleg (Pan)
  5 pandemonium lords (Pan)
  4 orbs of fire (Zot:5)
  A juggernaut (Depths:5)
  An ancient lich (Zot:5)
  A Killer Klown (Zot:5)
  Frederick (Depths:5)
  Saint Roka (Depths:2)
  Geryon (Hell)
  Xtahua (Vaults:5)
  2 curse toes
  4 golden dragons
  The ghost of Vanaq the Hoplite, a master VSFi of Hepliaklqana (Zot:3)
  Nikola (Depths:2)
  11 Brimstone Fiends (Pan)
  6 Tzitzimimeh (Pan)
  2 electric golems
  A bone dragon (Depths:5)
  12 tentacled monstrosities
  2 hellephants
  3 Hell Sentinels (Pan)
  5 Ice Fiends (Coc:7)
  12 Orb Guardians (Zot:5)
  2 liches
  Murray (Hell)
  2 titans (Vaults:5)
  19 Executioners (Pan)
  A tentacled starspawn (Depths:3)
  5 quicksilver dragons
  Agnes (Spider:4)
  9 death cobs
  Gastronok (D:11)
  3 thorn hunters
  12 shadow dragons
  3 tengu reavers (Vaults:5)
  19 fire giants
  16 storm dragons
  4 draconian monks
  2 daevas (Pan)
  4 blood saints (Pan)
  2 draconian knights (Zot:5)
  A deep elf sorcerer (Vaults:5)
  9 frost giants
  3 iron dragons
  7 emperor scorpions
  An orc warlord (Orc:2)
  10 vault wardens
  7 ghost moths
  4 draconian scorchers
  24 balrugs
  8 draconian shifters
  A draconian stormcaller (Zot:5)
  A juggernaut zombie (Depths:3)
  16 cacodemons
  3 warmongers (Pan)
  7 angels
  2 curse skulls (Pan)
  3 elemental wellsprings (Coc:7)
  An entropy weaver (shapeshifter) (Vaults:5)
  4 draconian annihilators
  2 war gargoyles (Hell)
  4 entropy weavers (Lair:5)
  30 stone giants
  5 reapers
  A juggernaut skeleton (Depths:3)
  25 very ugly things
  9 ironheart preservers
  2 vampire knights
  2 white draconians
  8 green draconians
  An apis (Pan)
  2 halazid warlocks (Desolation)
  7 corrupters (Pan)
  10 lorocyprocas (Pan)
  10 yellow draconians
  10 black draconians
  7 spark wasps
  A deep elf annihilator (Vaults:5)
  6 dire elephants (Abyss:4)
  3 black suns (Pan)
  The ghost of Xanleava the Nimble, a journeyman SpBe of Trog (Depths:4)
  12 purple draconians
  3 small abominations
  9 red draconians
  An orange crystal statue (WizLab)
  21 ettins
  9 green deaths (Pan)
  17 fire dragons
  15 blizzard demons
  2 crystal guardians (Desolation)
  A kraken zombie (Coc:1)
  3 ragged hierophants (Desolation)
  17 yaktaur captains
  4 rakshasas
  A merfolk impaler (Depths:2)
  18 ogre magi
  6 great orbs of eyes
  4 deep elf high priests (Vaults:5)
  A quicksilver dragon skeleton (Depths:3)
  6 servants of whispers (Desolation)
  3 spriggan air magi
  24 vault guards
  4 hell beasts
  23 hydras
  20 ice dragons
  8 peacekeepers (Desolation)
  9 centaur warriors
  3 death knights
  5 ghost crabs
  7 monstrous demonspawn (Pan)
  5 alligators
  2 catoblepae
  A death yak (IceCv)
  An alligator (shapeshifter) (Depths:3)
  56 two-headed ogres
  7 dancing weapons (Spider:2)
  15 deep troll earth magi
  14 deep troll shamans
  A titan zombie (Hell)
  A two-headed ogre (shapeshifter) (Depths:3)
  2 tengu warriors
  6 holy swine (Pan)
  2 thrashing horrors (Depths:3)
  A vampire mage (Depths:1)
  15 hell knights
  4 orc high priests (Orc:2)
  8 spriggan berserkers
  54 sun demons
  2 iron golems (Hell)
  Nergalle (Lair:3)
  A storm dragon zombie (Coc:7)
  Sonja (Lair:2)
  28 soul eaters
  7 shadow wraiths
  2 fire crabs (shapeshifter)
  5 fire crabs (Lair:5)
  24 sixfirhies
  34 large abominations
  6 iron trolls
  41 skeletal warriors
  2 titan skeletons
  3 anaconda zombies
  3 cherubim (Pan)
  A glowing orange brain (shapeshifter) (Depths:2)
  A wretched star (Depths:3)
  12 shadow demons (Pan)
  2 spatial maelstroms (Abyss:4)
  10 torturous demonspawn (Pan)
  A spriggan druid (Swamp:3)
  3 unseen horrors
  7 swamp dragons
  5 infernal demonspawn (Pan)
  53 deep trolls
  6 gelid demonspawn (Pan)
  A golden dragon zombie (Depths:3)
  A glowing orange brain (Depths:4)
  2 flayed ghosts (Vaults:2)
  6 ironbrand convokers
  2 deep elf archers
  3 golden dragon skeletons
  5 wizards
  A kraken simulacrum (Hell)
  11 necromancers
  3 phantasmal warriors
  An orb spider (shapeshifter) (Depths:5)
  5 anaconda skeletons
  2 fire giant zombies
  10 orb spiders
  5 deep elf magi
  A shining eye (Pan)
  5 harpies (Vaults:3)
  12 orc knights
  17 wolf spiders
  20 cyclopes
  22 ugly things
  6 orc sorcerers
  A wolf spider (shapeshifter) (Vaults:1)
  2 manticores
  A shadow dragon skeleton (Coc:3)
  19 moths of wrath
  2 stone giant zombies (Coc:7)
  A sphinx skeleton (Depths:3)
  A worldbinder (Depths:3)
  12 elephants
  A frost giant zombie (Coc:7)
  A shock serpent zombie (Hell)
  A manticore (shapeshifter) (Depths:3)
  2 dire elephant zombies (Coc:5)
  5 fire giant skeletons
  14 rust devils
  A spriggan zombie (Depths:1)
  5 black mambas
  A molten gargoyle (Desolation)
  3 iron dragon skeletons
  22 smoke demons
  An ice statue (IceCv)
  2 apocalypse crabs
  An emperor scorpion zombie (Coc:7)
  2 torpor snails
  8 vault sentinels
  20 hellions (Pan)
  2 dire elephant skeletons
  7 gargoyles
  26 orange demons
  38 yaktaurs
  4 kobold demonologists
  5 spectral swamp worms (Depths:4)
  19 spiny frogs
  26 ice devils
  6 rime drakes (Lair:5)
  3 komodo dragons
  2 efreet
  30 freezing wraiths
  A tengu conjurer (Depths:2)
  A yaktaur (shapeshifter) (Vaults:3)
  A harpy zombie (Coc:3)
  7 tormentors
  12 demonic crawlers
  15 hellwings (Pan)
  25 red devils
  4 meliai
  2 meliai (shapeshifter)
  7 hydra zombies
  27 polar bears
  A hornet (shapeshifter) (Vaults:5)
  A polar bear (shapeshifter) (Vaults:3)
  10 jumping spiders
  8 tyrant leeches
  11 hornets
  10 trolls
  Prince Ribbit (D:9)
  2 harpy skeletons (Volcano)
  43 saltlings (Desolation)
  26 slime creatures
  5 hydra skeletons
  A stone giant simulacrum (Vaults:3)
  10 dream sheep
  17 blink frogs (Lair:6)
  6 bog bodies
  3 alligator zombies
  A blink frog (shapeshifter) (Depths:3)
  13 hippogriffs
  An ice dragon zombie (Hell)
  2 meliai zombies (D:12)
  An ettin zombie (Coc:7)
  An ettin skeleton (Coc:7)
  12 wraiths
  11 ynoxinuls (Pan)
  16 flying skulls
  3 shadows
  19 tarantellas
  19 water elementals
  8 wyverns
  2 vampires
  35 redbacks
  10 spriggans
  2 fire dragon skeletons
  A tarantella (shapeshifter) (D:15)
  3 spriggans (shapeshifter)
  8 golden eyes (Pan)
  56 yaks
  5 fire elementals (Hell)
  A hog (shapeshifter) (Depths:5)
  22 neqoxecs
  A fire bat (shapeshifter) (D:14)
  4 fire bats (Pan)
  A golden eye (shapeshifter) (D:15)
  6 basilisks
  3 hungry ghosts
  A steam dragon (Lair:4)
  18 chaos spawn
  6 swamp worms
  A spatial vortex (Abyss:4)
  5 wargs
  18 vampire mosquitoes
  2 soldier ants
  2 hydra simulacra
  3 floating eyes
  14 water moccasins
  3 acid dragons
  8 porcupines
  5 spiny frog zombies
  A hell hound (Lair:5)
  10 swamp drakes
  6 ice beasts
  46 orc warriors
  A swamp dragon zombie (Coc:7)
  4 black bears
  2 phantoms
  A spiny frog skeleton (Coc:2)
  4 necrophages
  An alligator simulacrum (Coc:5)
  3 sky beasts
  An eye of draining (D:14)
  12 boggarts
  A snapping turtle zombie (Coc:3)
  57 ogres
  34 wolves
  A swamp dragon skeleton (Coc:5)
  A snapping turtle skeleton (Coc:7)
  8 crocodiles
  17 centaurs
  9 big kobolds
  31 bullfrogs
  A glowing shapeshifter simulacrum (Vaults:3)
  5 scorpions
  11 killer bees
  28 wights
  3 spriggan skeletons
  2 troll skeletons (Volcano)
  2 howler monkeys
  2 electric eels (Lair:6)
  10 crimson imps
  9 starcursed masses (Depths:3)
  A bullfrog zombie (D:12)
  4 centaur zombies
  3 quasits
  20 orc priests
  29 orc wizards
  4 jellies
  9 centaur skeletons
  4 gnoll shamans (D:12)
  8 hounds
  3 iron imps
  A human skeleton (Coc:7)
  8 worker ants
  Ijyb (D:3)
  2 iguanas
  6 hell rats (Hell)
  2 naga skeletons (Volcano)
  A tengu skeleton (Coc:5)
  2 hound skeletons
  2 worker ant zombies
  17 adders
  15 gnolls
  A howler monkey skeleton (D:6)
  4 river rats
  3 shadow imps
  14 white imps
  2 ufetubi (Depths:3)
  2 oozes
  An adder skeleton (D:8)
  4 worms
  2 ball lightnings (Pan)
  A dart slug (D:1)
  7 leopard geckos
  110 orcs
  A ball python (D:4)
  12 bats
  5 giant cockroaches
  8 goblins
  4 hobgoblins
  2 jackals (Sewer)
  6 quokkas
  A frilled lizard (D:3)
  A jackal skeleton (D:4)
  40 kobolds
  A leopard gecko zombie (D:7)
  A quokka skeleton (D:6)
  A quokka zombie (D:5)
  13 rats
  2 briar patches (Swamp:3)
  2 crawling corpses (Vaults:5)
  5 fungi
  7 plants
  A starspawn tentacle (Depths:3)
  A tentacle (Hell)
2936 creatures vanquished.

Vanquished Creatures (collateral kills)
  Cerebov (Pan)
  A hellephant (Abyss:4)
  A shadow dragon (Vaults:4)
  2 emperor scorpions (Spider:4)
  A draconian shifter (Abyss:4)
  2 angels (Pan)
  An ophan (Pan)
  3 dire elephants (Abyss:4)
  A hydra (Swamp:3)
  An alligator (Swamp:3)
  3 sun demons (Pan)
  A spriggan druid (Swamp:3)
  A large abomination (Abyss:4)
  4 orange demons (Pan)
  An apocalypse crab (Abyss:4)
  3 red devils (Pan)
  A redback (Spider:4)
  A ynoxinul (Pan)
29 creatures vanquished.

Vanquished Creatures (others)
  A lich (Vaults:5)
  An eldritch tentacle (Pan)
  A fire giant (Vaults:5)
  A merfolk javelineer (Depths:5)
  A blizzard demon (Pan)
  2 vault guards (Vaults:5)
  A ragged hierophant (Desolation)
  A vampire mage (Depths:5)
  A deep elf knight (Vaults:5)
  A shadow wraith (Vaults:1)
  A phantasmal warrior (Vaults:5)
  A wizard (Pan)
  A necromancer (Depths:5)
  An orb spider (shapeshifter) (Depths:5)
  A yaktaur (Depths:5)
  A demonic crawler (Pan)
  A flying skull (Coc:7)
  A golden eye (Pan)
  A chaos spawn (Pan)
  A swamp worm (Swamp:3)
  An orc warrior (Depths:2)
  An ice beast (D:15)
  An ogre (Vaults:4)
  2 boggarts
  A centaur (D:14)
  An orc wizard (Orc:2)
  4 ball lightnings (Pan)
  A briar patch (Swamp:4)
  3 bushes (Lair:6)
  A demonic plant (Pan)
  19 fungi
  40 plants
  A starspawn tentacle (Depths:3)
  11 tentacles
108 creatures vanquished.

Grand Total: 3073 creatures vanquished

Notes
Turn   | Place    | Note
-------+----------+-------------------------------------------
     0 | D:1      | Arthanis the Gargoyle Berserker began the quest for the
                  | Orb.
     0 | D:1      | Reached XP level 1. HP: 14/14 MP: 1/1
   191 | D:1      | Reached XP level 2. HP: 14/19 MP: 2/2
   963 | D:2      | Reached XP level 3. HP: 8/23 MP: 3/3
  1210 | D:2      | Reached XP level 4. HP: 26/29 MP: 4/4
  1296 | D:2      | Reached ** piety under Trog
  1538 | D:2      | Reached XP level 5. HP: 33/33 MP: 5/5
  1647 | D:3      | Noticed Ijyb
  1664 | D:3      | Killed Ijyb
  2426 | D:3      | Reached XP level 6. HP: 39/39 MP: 6/6
  2573 | D:4      | Reached skill level 1 in Evocations
  2948 | D:4      | Found a hide-covered altar of Uskayaw.
  2948 | D:4      | Found a white marble altar of Elyvilon.
  2949 | D:4      | Found an iron altar of Okawaru.
  3313 | D:5      | Entered Level 5 of the Dungeon
  3326 | D:5      | Reached skill level 5 in Axes
  3326 | D:5      | Reached XP level 7. HP: 38/44 MP: 8/8
  3342 | D:5      | Noticed a troll
  3350 | D:5      | Killed a troll
  3350 | D:5      | Reached *** piety under Trog
  3350 | D:5      | Reached skill level 5 in Fighting
  3559 | D:5      | Reached XP level 8. HP: 44/51 MP: 9/9
  3638 | D:5      | Found a glowing silver altar of Zin.
  3639 | D:5      | Found a burning altar of Makhleb.
  3640 | D:5      | Noticed a blizzard demon
  3640 | D:5      | Noticed an angel
  3962 | D:6      | Found a glowing drain.
  3966 | Sewer    | Entered a sewer
  4085 | Sewer    | Found a white marble altar of Elyvilon.
  4278 | D:6      | Reached skill level 5 in Armour
  4494 | D:6      | Reached XP level 9. HP: 48/56 MP: 11/11
  4503 | D:6      | Found a staircase to the Ecumenical Temple.
  4631 | D:6      | Found a hazy altar of Hepliaklqana.
  5103 | D:6      | Got a twisted falchion
  5431 | D:7      | Reached **** piety under Trog
  6373 | D:8      | Found a glowing golden altar of the Shining One.
  6426 | D:8      | Reached XP level 10. HP: 61/64 MP: 13/13
  6479 | D:8      | Found a staircase to the Lair.
  6628 | D:8      | Got a faintly glowing turquoise ring
  6636 | D:8      | Identified the ring "Cugoelo" {rCorr rN++ Int-3} (You found
                  | it on level 8 of the Dungeon)
  6998 | D:9      | Found a blossoming altar of Fedhas.
  7064 | D:9      | Reached skill level 10 in Axes
  7068 | D:9      | Reached ***** piety under Trog
  7096 | D:9      | Noticed Prince Ribbit
  7114 | D:9      | Killed Prince Ribbit
  7137 | D:9      | Found a shattered altar of Ashenzari.
  7200 | D:9      | Got a heavily runed chain mail
  7411 | D:9      | Identified the +8 chain mail "Finehu" {Dex+2} (You found it
                  | on level 9 of the Dungeon)
  7468 | D:10     | Entered Level 10 of the Dungeon
  7666 | D:10     | Found Idwiu's Gadget Emporium.
  7735 | D:10     | Found a staircase to the Orcish Mines.
  8004 | D:10     | Noticed a gargoyle
  8013 | D:10     | Killed a gargoyle
  8064 | D:11     | Noticed Gastronok
  8074 | D:11     | Reached XP level 11. HP: 72/72 MP: 14/14
  8265 | D:11     | Killed Gastronok
  8265 | D:11     | Reached skill level 10 in Fighting
  8407 | D:11     | Noticed a tengu warrior
  8407 | D:11     | Noticed a four-headed hydra
  8417 | D:11     | Killed a tengu warrior
  8435 | D:11     | Killed a seven-headed hydra
  8474 | D:11     | Found a runed translucent door.
  8474 | D:11     | Noticed a centaur warrior
  8474 | D:11     | Noticed a four-headed hydra
  8476 | D:11     | Found a runed translucent door.
  8476 | D:11     | Found a runed translucent door.
  8476 | D:11     | Noticed a green ugly thing
  8658 | D:11     | Noticed a two-headed ogre
  8666 | D:11     | Killed a two-headed ogre
  8918 | D:12     | Noticed a wizard
  8931 | D:12     | Noticed a two-headed ogre
  8948 | D:11     | Received a gift from Trog
  8960 | D:12     | Identified the +7 falchion "Untecwaz" {slice, +Blink Dex+9}
                  | (You found it on level 6 of the Dungeon)
  8965 | D:12     | Noticed a four-headed hydra
  8969 | D:12     | Noticed a green ugly thing
  8970 | D:12     | Found Wumaheoss's Food Emporium.
  8987 | D:12     | Reached XP level 12. HP: 63/80 MP: 15/15
  9000 | D:12     | Killed a four-headed hydra
  9018 | D:12     | Killed a two-headed ogre
  9026 | D:12     | Noticed a seven-headed hydra
  9048 | D:12     | Paralysed by a wizard for 7 turns
  9158 | D:12     | Killed a seven-headed hydra
 10404 | D:13     | Noticed a four-headed hydra
 10414 | D:13     | Killed a nine-headed hydra
 10417 | D:13     | Reached XP level 13. HP: 86/86 MP: 16/16
 10928 | D:13     | Reached skill level 15 in Axes
 10994 | D:13     | Identified the Reference Book on the Arsonist
 11381 | D:14     | Noticed an ironheart preserver
 11382 | D:14     | Found a gate to the Vaults.
 11394 | D:14     | Killed an ironheart preserver
 11394 | D:14     | Received a gift from Trog
 12060 | D:14     | Found an iron altar of Okawaru.
 12273 | D:15     | Entered Level 15 of the Dungeon
 12338 | D:15     | Gained mutation: Your large and strong wings let you fly
                  | indefinitely. [Gargoyle growth]
 12338 | D:15     | Reached XP level 14. HP: 92/92 MP: 17/17
 12416 | D:15     | Received a gift from Trog
 12756 | D:15     | Found a staircase to the Depths.
 13086 | D:15     | Reached skill level 5 in Evocations
 13156 | D:15     | Reached skill level 5 in Dodging
 13176 | D:15     | HP: 2/92 [fire crab (shapeshifter)] (16)]
 13484 | Orc:1    | Entered Level 1 of the Orcish Mines
 13721 | Orc:2    | Entered Level 2 of the Orcish Mines
 13721 | Orc:2    | Found a staircase to the Elven Halls.
 13733 | Orc:2    | Received a gift from Trog
 13744 | Orc:2    | Found Puulivvi's Antique Armour Shoppe.
 13772 | Orc:2    | Found Tawkyxt's Jewellery Emporium.
 13792 | Orc:2    | Found Unib's Antique Weapon Emporium.
 13796 | Orc:2    | Bought a pearl-studded scale mail for 216 gold pieces
 13796 | Orc:2    | Bought a jewelled scale mail for 216 gold pieces
 14046 | Orc:2    | Noticed an orc warlord
 14064 | Orc:2    | Killed an orc warlord
 14142 | Orc:2    | Reached XP level 15. HP: 97/97 MP: 18/18
 14212 | Orc:2    | Found a flickering gateway to a bazaar.
 14221 | Bazaar   | Entered a bazaar
 14225 | Bazaar   | Found Okhozox's Assorted Antiques.
 14243 | Bazaar   | Found Eggih's Antique Armour Emporium.
 14260 | Bazaar   | Found Laras's Antique Weapon Boutique.
 14277 | Bazaar   | Found Uttem's Gadget Shoppe.
 14299 | Bazaar   | Bought a glowing dark potion for 27 gold pieces
 14299 | Bazaar   | Bought 2 black potions for 54 gold pieces
 14299 | Bazaar   | Bought a scroll labeled YJONUPS ZIEL for 30 gold pieces
 14608 | Orc:2    | Received a gift from Trog
 14654 | Orc:2    | Got a dazzling battleaxe {god gift}
 14666 | Orc:2    | Found Qid Baw Jei's Food Shop.
 14666 | Orc:2    | Found Ishryagu's Antique Weapon Emporium.
 14668 | Orc:2    | Found Adaolius's Jewellery Shop.
 14668 | Orc:2    | Found Qoawig's Magic Scroll Emporium.
 14676 | Orc:2    | Bought a scroll of identify for 26 gold pieces
 14676 | Orc:2    | Bought a scroll of blinking for 97 gold pieces
 14676 | Orc:2    | Bought a scroll of enchant armour for 97 gold pieces
 14676 | Orc:2    | Bought a scroll of enchant weapon for 97 gold pieces
 14683 | Orc:2    | Bought an uncursed amulet of regeneration for 420 gold
                  | pieces
 14702 | Orc:2    | Identified the +5 battleaxe "Bouroschojis" {protect, rPois
                  | SInv} (Trog gifted it to you on level 2 of the Orcish
                  | Mines)
 14842 | Orc:2    | Bought the ring of Shadows {Umbra +Inv Stlth+} for 400 gold
                  | pieces
 14842 | Orc:2    | Found the ring of Shadows {Umbra +Inv Stlth+}
 15039 | Lair:1   | Entered Level 1 of the Lair of Beasts
 15225 | Lair:1   | Identified the cursed +1 scale mail "Damnable Contraption"
                  | {rF+ Int-5 Dex+5} (You bought it in a shop on level 2 of
                  | the Orcish Mines)
 15744 | Lair:1   | Identified the +0 scale mail of Fegi {rF+ Regen+ rCorr
                  | Int-5} (You bought it in a shop on level 2 of the Orcish
                  | Mines)
 16120 | Lair:2   | Noticed Sonja
 16129 | Lair:2   | Killed Sonja
 16325 | Lair:2   | Found a hole to the Spider Nest.
 16836 | Lair:3   | Noticed Nergalle
 16852 | Lair:3   | Killed Nergalle
 16859 | Lair:3   | Found a staircase to the Swamp.
 17487 | Lair:4   | Got a translucent ring mail
 17624 | Lair:4   | Found a dark tunnel.
 17634 | Volcano  | Entered a volcano
 17930 | Volcano  | Received a gift from Trog
 18946 | Lair:5   | Found a staircase to the Slime Pits.
 19065 | Lair:5   | Found a runed translucent door.
 19545 | Lair:5   | Reached XP level 16. HP: 103/103 MP: 21/21
 19580 | Lair:5   | Received a gift from Trog
 19602 | Lair:5   | Got an ancient battleaxe {god gift}
 20063 | Lair:5   | Found the +0 Maxwell's etheric cage {RegenMP+ *Contam rElec
                  | MP+4}
 20212 | Lair:6   | Entered Level 6 of the Lair of Beasts
 20278 | Lair:6   | Found a frozen archway.
 20296 | IceCv    | Entered an ice cave
 20771 | IceCv    | Received a gift from Trog
 20816 | IceCv    | Got an ichor-stained cloak
 20822 | IceCv    | Identified the +1 cloak of Crawling {rF+ Slay+2 Stlth+}
                  | (You found it in an ice cave)
 20833 | IceCv    | Got a dazzling war axe {god gift}
 21197 | Lair:6   | Identified the +8 battleaxe "Romic" {protect, *Corrode rF+
                  | Int+5} (Trog gifted it to you on level 5 of the Lair of
                  | Beasts)
 21509 | Lair:6   | Identified the +9 war axe of Eternal War {drain, rPois MR+}
                  | (Trog gifted it to you in an ice cave)
 21630 | Lair:6   | Received a gift from Trog
 21637 | Lair:6   | Reached XP level 17. HP: 63/109 MP: 23/23
 22002 | Spider:1 | Entered Level 1 of the Spider Nest
 22083 | Spider:2 | Found a runed translucent door.
 22108 | Spider:2 | Reached skill level 10 in Armour
 22392 | Spider:4 | Entered Level 4 of the Spider Nest
 22947 | Spider:4 | Noticed Agnes
 22969 | Spider:4 | Killed Agnes
 23092 | Spider:4 | Received a gift from Trog
 23417 | Spider:4 | Got a gossamer rune of Zot
 23712 | Swamp:1  | Entered Level 1 of the Swamp
 23745 | Swamp:2  | Reached XP level 18. HP: 118/118 MP: 25/25
 23770 | Swamp:2  | Reached skill level 15 in Fighting
 24102 | Swamp:4  | Entered Level 4 of the Swamp
 24108 | Swamp:4  | Reached skill level 10 in Evocations
 24402 | Swamp:3  | HP: 5/120 [alligator[a spriggan druid] (18)]
 24620 | Swamp:4  | Received a gift from Trog
 24654 | Swamp:4  | Got a decaying rune of Zot
 24736 | Lair:3   | Cast into level 4 of the Abyss (a distortion unwield)
 24743 | Abyss:4  | Noticed a hellephant
 24785 | Abyss:4  | Noticed a hellephant
 24807 | Abyss:4  | Killed a hellephant
 24816 | Abyss:4  | Found a corrupted altar of Lugonu.
 24819 | Abyss:4  | Got an abyssal rune of Zot
 24831 | Lair:3   | Escaped the Abyss
 25004 | Vaults:1 | Entered Level 1 of the Vaults
 25140 | Vaults:1 | Reached XP level 19. HP: 69/127 MP: 26/26
 25299 | Vaults:2 | Received a gift from Trog
 25362 | Vaults:2 | Got a warped executioner's axe {god gift}
 25855 | Vaults:3 | Received a gift from Trog
 26055 | Vaults:3 | Received a gift from Trog
 26582 | Vaults:3 | Reached XP level 20. HP: 122/137 MP: 27/27
 26670 | Vaults:4 | Found a ruined gateway.
 26672 | Vaults:4 | Found a white marble altar of Elyvilon.
 26672 | Vaults:4 | Found a glowing golden altar of the Shining One.
 26672 | Vaults:4 | Found a glowing silver altar of Zin.
 26855 | Vaults:4 | Found Puxkaerr's Assorted Antiques.
 26865 | Vaults:4 | Bought a potion of heal wounds for 120 gold pieces
 26865 | Vaults:4 | Bought 3 scrolls of fog for 144 gold pieces
 27054 | Desolati | Entered the Desolation of Salt
 27157 | Desolati | Got a warped emerald amulet
 27159 | Desolati | Identified the amulet of Huonih {-Tele Regen+ Int+7} (You
                  | found it in the Desolation of Salt)
 27321 | Desolati | Identified the Guide on Aerial Ice
 27668 | Desolati | Received a gift from Trog
 27730 | Desolati | Got an ancient lapis lazuli ring
 27732 | Desolati | Identified the ring of the Jester {Wiz +Blink MR++ Str+4
                  | Dex-5} (You found it in the Desolation of Salt)
 27882 | Vaults:5 | Entered Level 5 of the Vaults
 27892 | Vaults:5 | Noticed Xtahua
 27897 | Vaults:5 | Noticed a lich
 27917 | Vaults:5 | Killed a lich
 27927 | Vaults:5 | Reached XP level 21. HP: 146/146 MP: 28/28
 27929 | Vaults:5 | Killed Xtahua
 27935 | Vaults:5 | Reached skill level 15 in Armour
 27937 | Vaults:5 | Reached ****** piety under Trog
 27940 | Vaults:5 | Received a gift from Trog
 28007 | Vaults:5 | Identified the Handbook of the Lucky Traveller
 28109 | Vaults:5 | HP: 2/148 [large abomination[a deep elf high priest] (21)]
 28281 | Vaults:5 | Noticed a golden dragon
 28292 | Vaults:5 | Killed a golden dragon
 28753 | Vaults:5 | Reached XP level 22. HP: 118/156 MP: 29/29
 28802 | Vaults:5 | Identified the +3 executioner's axe of Distraction {freeze,
                  | Str-4 Int+5} (Trog gifted it to you on level 2 of the
                  | Vaults)
 28830 | Vaults:5 | Got a silver rune of Zot
 28845 | Vaults:5 | Got an ominously black robe
 28849 | Vaults:5 | Got a jewelled war axe
 28850 | Vaults:5 | Identified the +8 war axe of the Salmon {protect, *Contam
                  | rElec rPois Int-4} (You found it on level 5 of the Vaults)
 28853 | Vaults:5 | Gained mutation: You are dopey. (Int -2) [mutagenic glow]
 29401 | Depths:1 | Entered Level 1 of the Depths
 29704 | Depths:1 | Received a gift from Trog
 29764 | Depths:1 | Found a gateway to a ziggurat.
 30083 | Depths:1 | Found a one-way gate to the infinite horrors of the Abyss.
 30229 | Depths:1 | Found a gateway to Hell.
 30576 | Depths:2 | Found a magical portal.
 30640 | WizLab   | Entered Wucad Mu's Monastery
 30842 | WizLab   | Found the +9 staff of Wucad Mu {channel}
 31006 | Depths:2 | Noticed Nikola
 31018 | Depths:2 | Killed Nikola
 31069 | Depths:2 | Received a gift from Trog
 31074 | Depths:2 | Noticed Saint Roka
 31113 | Depths:2 | Killed Saint Roka
 31313 | Depths:2 | Reached XP level 23. HP: 167/167 MP: 30/30
 31314 | Depths:2 | Reached XP level 24. HP: 174/174 MP: 30/30
 31754 | Depths:3 | Found Nuheuwudu's Armour Boutique.
 31756 | Depths:3 | Found Xuumenia's Jewellery Boutique.
 31756 | Depths:3 | Found Cipagh's Antique Armour Shop.
 31762 | Depths:3 | Found Epej's Book Shop.
 31829 | Depths:3 | Received a gift from Trog
 32000 | Depths:3 | Gained mutation: Your magical capacity is low. (-10% MP) [a
                  | neqoxec]
 32027 | Depths:3 | Found a one-way gate leading to the halls of Pandemonium.
 32324 | Depths:3 | Found a transporter.
 32327 | Depths:3 | Found a transporter.
 32328 | Depths:3 | Found a corrupted altar of Lugonu.
 32475 | Depths:3 | Found the +8 Wrath of Trog {antimagic, *Rage}
 32580 | Depths:3 | Paralysed by accursed screaming for 1 turns
 32592 | Depths:3 | Paralysed by accursed screaming for 1 turns
 32613 | Depths:3 | Got a flickering pewter ring
 32647 | Depths:3 | Identified the ring "Jumerub" {rC+ MR+} (You found it on
                  | level 3 of the Depths)
 32795 | Depths:4 | Found a shimmering altar of Xom.
 32814 | Depths:4 | Received a gift from Trog
 32842 | Depths:4 | Found a corrupted altar of Lugonu.
 32890 | Depths:4 | Paralysed by a floating eye for 4 turns
 33031 | Depths:4 | Reached XP level 25. HP: 185/185 MP: 27/27
 33107 | Depths:4 | Received a gift from Trog
 33121 | Depths:4 | Found a runed translucent door.
 33121 | Depths:4 | Noticed Xanleava's ghost (journeyman SpBe)
 33450 | Depths:4 | Killed Xanleava's ghost
 33477 | Depths:4 | Identified the Compendium of Unholy Rites
 33533 | Depths:5 | Entered Level 5 of the Depths
 33894 | Depths:5 | Found a gateway to a bazaar.
 33903 | Depths:5 | Noticed Frederick
 33916 | Depths:5 | Killed Frederick
 33957 | Depths:5 | Noticed a juggernaut
 33958 | Depths:5 | Reached skill level 27 in Fighting
 33976 | Depths:5 | Killed a juggernaut
 34156 | Depths:5 | Received a gift from Trog
 34160 | Depths:5 | Found a gate to the Realm of Zot.
 34177 | Depths:5 | Got a translucent executioner's axe {god gift}
 34407 | Depths:5 | Found Ypeom's Gadget Shop.
 34407 | Depths:5 | Found Kakloegh's Jewellery Emporium.
 34418 | Depths:5 | Found Suureock's Jewellery Emporium.
 34467 | Depths:5 | Identified the +11 executioner's axe of Ymeujo Lyda {venom,
                  | Str+3} (Trog gifted it to you on level 5 of the Depths)
 34519 | Bazaar   | Entered a bazaar
 34536 | Bazaar   | Found Numuk's General Store.
 34536 | Bazaar   | Found Nano's Magic Scroll Emporium.
 34540 | Bazaar   | Bought a scroll of teleportation for 27 gold pieces
 34540 | Bazaar   | Bought a scroll of fog for 18 gold pieces
 34540 | Bazaar   | Bought a scroll of identify for 18 gold pieces
 34546 | Bazaar   | Bought a potion of curing for 42 gold pieces
 34546 | Bazaar   | Bought a box of beasts for 280 gold pieces
 34546 | Bazaar   | Bought a scroll of identify for 28 gold pieces
 34557 | Bazaar   | Found Xaunil's Book Emporium.
 34572 | Bazaar   | Found Feboatu's Weapon Emporium.
 34990 | Zot:1    | Entered Level 1 of the Realm of Zot
 35898 | Zot:2    | Reached XP level 26. HP: 193/193 MP: 27/27
 35959 | Zot:2    | Received a gift from Trog
 36204 | Zot:2    | Found the ring of the Octopus King
 36234 | Zot:2    | Got a ring of the Octopus King
 36235 | Zot:2    | Identified a ring of the Octopus King {Wiz AC+1 EV+1 Str+1
                  | Int+1 Dex+1} (You found it on level 2 of the Realm of Zot)
 36303 | Zot:2    | Identified the +7 morningstar of Xoni Veo {crush, Dex+3}
                  | (You found it on level 2 of the Realm of Zot)
 36878 | Zot:2    | Identified the amulet "Wecucoi" {Gourm rC+ SInv} (You found
                  | it on level 2 of the Realm of Zot)
 36990 | Zot:3    | Reached skill level 10 in Dodging
 37319 | Zot:3    | Found a runed translucent door.
 37319 | Zot:3    | Noticed Vanaq's ghost (master VSFi)
 37339 | Zot:3    | Killed Vanaq's ghost
 38520 | Zot:5    | Entered Level 5 of the Realm of Zot
 38544 | Zot:5    | Received a gift from Trog
 38623 | Zot:5    | Reached XP level 27. HP: 199/199 MP: 27/27
 38835 | Zot:5    | Reached skill level 27 in Axes
 38900 | Zot:5    | Noticed an ancient lich
 38909 | Zot:5    | Killed an ancient lich
 38942 | Zot:5    | Noticed an orb of fire
 38957 | Zot:5    | Gained mutation: Your body sometimes deteriorates upon
                  | taking damage. [an orb of fire]
 38967 | Zot:5    | Killed an orb of fire
 38986 | Zot:5    | Noticed an orb of fire
 38987 | Zot:5    | Gained mutation: You are clumsy. (Dex -2) [an orb of fire]
 39001 | Zot:5    | Gained mutation: Your magical capacity is very low. (-20%
                  | MP) [an orb of fire]
 39011 | Zot:5    | Killed an orb of fire
 39030 | Zot:5    | Noticed an orb of fire
 39038 | Zot:5    | Gained mutation: You tend to lose your temper in combat.
                  | [an orb of fire]
 39052 | Zot:5    | Killed an orb of fire
 39129 | Zot:5    | Noticed an orb of fire
 39142 | Zot:5    | Killed an orb of fire
 39183 | Zot:5    | Received a gift from Trog
 39798 | Vaults:4 | Fell from the grace of Trog
 39798 | Vaults:4 | Became a worshipper of the Shining One
 40060 | Hell     | Entered the Vestibule of Hell
 40060 | Hell     | Noticed Geryon
 40072 | Hell     | Killed Geryon
 40072 | Hell     | Reached skill level 1 in Invocations
 40083 | Hell     | Reached * piety under the Shining One
 40147 | Hell     | Noticed Murray
 40149 | Hell     | Reached ** piety under the Shining One
 40191 | Hell     | Killed Murray
 40191 | Hell     | HP: 4/298 [blizzard demon/bolt of cold (12)]
 40214 | Hell     | HP: 7/199 [five-headed hydra skeleton (5)]
 40225 | Hell     | Found a gateway to the freezing wastes of Cocytus.
 40235 | Hell     | Reached *** piety under the Shining One
 40298 | Hell     | Found a gateway to the decaying netherworld of Tartarus.
 40310 | Hell     | Reached **** piety under the Shining One
 40491 | Hell     | Found a gateway to the Iron City of Dis.
 40539 | Hell     | Found a gateway to the ashen valley of Gehenna.
 40712 | Pan      | Entered Pandemonium
 40712 | Pan      | Noticed Kiavucu the pandemonium lord
 40714 | Pan      | Reached skill level 5 in Invocations
 40734 | Pan      | Killed Kiavucu the pandemonium lord
 40734 | Pan      | Reached ***** piety under the Shining One
 41008 | Pan      | Noticed Zeisief the pandemonium lord
 41010 | Pan      | Reached ****** piety under the Shining One
 41015 | Pan      | Gained mutation: Your body often deteriorates upon taking
                  | damage. [a cacodemon]
 41020 | Pan      | Killed Zeisief the pandemonium lord
 41027 | Pan      | Reached skill level 10 in Invocations
 41100 | Pan      | Entered the realm of Mnoleg.
 41123 | Pan      | Identified a +9 executioner's axe of holy wrath (a +8
                  | executioner's axe of electrocution blessed by the Shining
                  | One)
 41123 | Pan      | Received a gift from the Shining One
 41296 | Pan      | Noticed Mnoleg
 41297 | Pan      | Gained mutation: Potions are less effective at restoring
                  | your health. [a shining eye]
 41302 | Pan      | Gained mutation: You are occasionally teleported next to
                  | monsters. [a cacodemon]
 41309 | Pan      | Gained mutation: You often lose your temper in combat. [a
                  | cacodemon]
 41319 | Pan      | Lost mutation: Your magical capacity is very low. (-20% MP)
                  | [a cacodemon]
 41337 | Pan      | Killed Mnoleg
 41420 | Pan      | Got a glowing rune of Zot
 41538 | Pan      | Learned a level 1 spell: Summon Butterflies
 41872 | Pan      | Reached skill level 15 in Invocations
 42373 | Pan      | Found a huge runed translucent gate.
 42374 | Pan      | Found a huge runed translucent gate.
 42375 | Pan      | Found a huge runed translucent gate.
 42375 | Pan      | Found a huge runed translucent gate.
 42375 | Pan      | Found a huge runed translucent gate.
 42415 | Pan      | Found a huge runed translucent gate.
 42416 | Pan      | Found a huge runed translucent gate.
 42421 | Pan      | Noticed Gaygra the pandemonium lord
 42438 | Pan      | Killed Gaygra the pandemonium lord
 42681 | Pan      | Noticed Yremam the pandemonium lord
 42693 | Pan      | Killed Yremam the pandemonium lord
 42791 | Pan      | Gained mutation: You are frail. (-10% HP) [a neqoxec]
 42792 | Pan      | Entered the realm of Lom Lobon.
 42792 | Pan      | Noticed Lom Lobon
 42817 | Pan      | Killed Lom Lobon
 42837 | Pan      | Got a magical rune of Zot
 43021 | Pan      | Entered the realm of Gloorx Vloq.
 43418 | Pan      | Noticed Gloorx Vloq
 43432 | Pan      | Killed Gloorx Vloq
 43469 | Pan      | Got a dark rune of Zot
 43669 | Pan      | Found a white marble altar of Elyvilon.
 43696 | Pan      | HP: 8/179 [daeva/divine providence (9)]
 43714 | Pan      | HP: 4/179 [cherub/stone (8)]
 43835 | Pan      | Lost mutation: You are occasionally teleported next to
                  | monsters. [potion of mutation]
 43835 | Pan      | Lost mutation: You are dopey. (Int -2) [potion of mutation]
 43835 | Pan      | Lost mutation: You are frail. (-10% HP) [potion of
                  | mutation]
 43835 | Pan      | Gained mutation: You have large cloven feet. [potion of
                  | mutation]
 43835 | Pan      | Lost mutation: You often lose your temper in combat.
                  | [potion of mutation]
 43836 | Pan      | Lost mutation: Your magical capacity is low. (-10% MP)
                  | [potion of mutation]
 43836 | Pan      | Lost mutation: You tend to lose your temper in combat.
                  | [potion of mutation]
 43836 | Pan      | Lost mutation: Your body often deteriorates upon taking
                  | damage. [potion of mutation]
 43836 | Pan      | Lost mutation: You are clumsy. (Dex -2) [potion of
                  | mutation]
 43836 | Pan      | Gained mutation: Your muscles are strong. (Str +2) [potion
                  | of mutation]
 43836 | Pan      | Gained mutation: You occasionally shout uncontrollably at
                  | your foes. [potion of mutation]
 43836 | Pan      | Gained mutation: You have a pair of small antennae on your
                  | head. [potion of mutation]
 43836 | Pan      | Gained mutation: You are partially covered in rugged brown
                  | scales. (AC +1, +3% HP) [potion of mutation]
 44012 | Pan      | Entered the realm of Cerebov.
 44147 | Pan      | Got a translucent jade ring
 44156 | Pan      | Identified the ring of Ykushrol {*Tele rN+ Dex+3} (You
                  | found it in Pandemonium)
 44217 | Pan      | Identified Ohull's Tome of the Arsonist and Dislocation
 44219 | Pan      | Identified the Guide on Ashen Dislocation
 44226 | Pan      | Identified the Collected Works on Stones and Unholy Rituals
 44236 | Pan      | Identified the +6 sword of Cerebov {flame}
 44236 | Pan      | Noticed Cerebov
 44266 | Pan      | Killed Cerebov
 44318 | Pan      | Identified Kuxt's Guide on Frigorific Contamination
 44333 | Pan      | Got a fiery rune of Zot
 44470 | Pan      | Identified the +2 great sword of the Distant Future {slice,
                  | rElec rN+ Str+2 Dex+4}
 44529 | Pan      | Found an exit through the horrors of the Abyss.
 44685 | Pan      | Found an exit through the horrors of the Abyss.
 44887 | Pan      | Lost mutation: Your muscles are strong. (Str +2) [a
                  | cacodemon]
 44926 | Pan      | Found a transporter.
 45112 | Pan      | Gained mutation: You are clumsy. (Dex -2) [a neqoxec]
 45115 | Pan      | Gained mutation: You are very clumsy. (Dex -4) [a neqoxec]
 45252 | Pan      | Noticed Wadess the pandemonium lord
 45283 | Pan      | Killed Wadess the pandemonium lord
 45318 | Pan      | Got a demonic rune of Zot
 45321 | Pan      | Got a transparent steel ring
 45409 | Pan      | Identified the +7 plate armour "Zeysajoo" {rF- rC++ MR+
                  | Int+2}
 45526 | Pan      | Gained mutation: You tend to lose your temper in combat. [a
                  | cacodemon]
 45892 | Pan      | Gained mutation: You are weak. (Str -2) [a neqoxec]
 45895 | Pan      | Gained mutation: You are dopey. (Int -2) [a cacodemon]
 46056 | Pan      | Found an exit through the horrors of the Abyss.
 46065 | Pan      | Took an exit into the Abyss.
 46065 | Abyss:1  | Escaped into the Abyss
 46107 | Depths:4 | Escaped the Abyss
 46109 | Depths:4 | Identified the ring of Feriqaf {*Slow rElec rPois Str+2}
                  | (You found it in Pandemonium)
 46264 | Coc:1    | Entered Level 1 of Cocytus
 46552 | Coc:5    | You are sucked into a shaft!
 46556 | Coc:7    | Entered Level 7 of Cocytus
 46843 | Coc:7    | Noticed Antaeus
 46875 | Coc:7    | HP: 1/204 [Antaeus (23)]
 46875 | Coc:7    | Slain by Antaeus

Levels and vault maps discovered:
D:1:      psy_arrival_radial01, layout_loops_corners
D:2:      cheibrodos_pilgrimage, layout_loops_cross
D:3:      layout_loops_corners, uniq_ijyb
D:4:      layout_loops_corners, gammafunk_temple_overflow_claw, first_ration
D:5:      layout_rooms, grunt_temple_overflow_order_and_chaos_2,
          hangedman_decor_lopped
D:6:      layout_loops_corners, nicolae_overflow_hidden_temple,
          minmay_temple_entry_proselytizer, gup_sewer_entry_bowl
D:7:      layout_basic, the_bakery
D:8:      layout_loops_cross, tso_altar, lair_entry_dummy,
          hangedman_decor_slide_cut
D:9:      layout_rooms, marbit_many_paths, fedhas_altar_4, uniq_prince_ribbit1
D:10:     layout_roguey, orc_0_dummy, serial_shops, shop
D:11:     minmay_the_grid_triangle_9x9_rhombus_full
          [minmay_the_grid_triangle_9x9_odd_lines,
          minmay_the_grid_triangle_9x9_fully_insulated_deathbox,
          minmay_the_grid_triangle_9x9_thin_v,
          minmay_the_grid_triangle_9x9_warning,
          minmay_the_grid_triangle_9x9_zippers_horizontal,
          minmay_the_grid_triangle_9x9_subtriangle,
          minmay_the_grid_triangle_9x9_alien,
          minmay_the_grid_triangle_9x9_prize_center], layout_cave_pools,
          uniq_josephine, uniq_gastronok
D:12:     kennysheep_seaside_town, layout_loops_ring, serial_shops, shop,
          gauntlet_entry_generic
D:13:     layout_irregular_city, eino_jars
D:14:     layout_grid_maze, skrybe_vaults_entry_preservation,
          chequers_serial_rivers_micro_a, okawaru_ov_weapons_minmay
D:15:     grunt_enter_depths_snipers, layout_loops_ring, grunt_decor_one_mirror,
          evilmike_minifort
Lair:1:   layout_layer_cave
Lair:2:   layout_regular_city, spider_nest_entry_webs,
          chequers_serial_rivers_small_3, lemuel_fruit_fields, uniq_sonja
Lair:3:   layout_chaotic_city, skrybe_swamp_entry_bodies, beast_lair_carwin_9,
          uniq_nergalle
Lair:4:   layout_cave_pods, lightli_volcano_entry_magma_tube,
          beast_lair_carwin_10, serial_bayou_shore_b
Lair:5:   gammafunk_mikee_crab_dinner, layout_loops_ring, slime_dummy,
          special_room [special_room_mythical_zoo], cheibrodos_lair_lostbears
Lair:6:   minmay_lair_end_frog_pond, layout_long_grid,
          portal_ice_cave_demonic_guard
Swamp:1:  cheibrodos_swamp_monstrosity, layout_basic_swamp,
          evilmike_swamp_ruin_house_3, swamp_pool3,
          nicolae_swamp_alligator_family
Swamp:2:  nicolae_swamp_phyte_club, layout_basic_swamp,
          evilmike_swamp_ruin_rubble_2, swamp_pool1
Swamp:3:  layout_basic_swamp, evilmike_swamp_ruin_house_2, swamp_pool4,
          infiniplex_staircase_pool
Swamp:4:  swamp, layout_basic_swamp, swamp_pool2
Spider:1: layout_spider_delve, ebering_ghost_reflecting_pool, uniq_kirke
Spider:2: cheibrodos_spider_deadly_dance, gammafunk_ghost_berserking_beasts,
          guppyfry_hornet_nest, nicolae_spider_cling_ruins
Spider:3: layout_spider_delve
Spider:4: grunt_spider_rune_circles, nicolae_spider_circle_web, uniq_agnes
Orc:1:    layout_diamond_mine, guppyfry_orc_lava_fort
Orc:2:    grunt_orc_tribal_feast, layout_caves, serial_shops, bzr_firewalk,
          shop, shop, nicolae_shop_temple_entry_statues_fountains, mines4_lemuel
Vaults:1: ontoclasm_vaults_idyll, vaults_room_grunt_arrival_ludios,
          vaults_room_door_ring, nicolae_vaults_puzzle_piece,
          ontoclasm_vaults_fault, nicolae_vaults_hallways_thing,
          ontoclasm_vaults_spin, hangedman_vaults_unwind,
          vaults_mumra_minichess_inversion, ontoclasm_vaults_ring_square,
          ontoclasm_vaults_twist, hangedman_vaults_snaps, layout_vaults_omnibox,
          serial_shops, shop_statue
Vaults:2: minmay_crypt_entry_vampire_xt, v_misc_4, ontoclasm_vaults_ring_large,
          kb_rosetta, ontoclasm_vaults_claustrophobia, hangedman_vaults_stagger,
          v_misc_29, ontoclasm_vaults_ring_square, grunt_vaults_hallway_short,
          nicolae_vaults_rhombus_6, nicolae_vaults_alarming,
          layout_vaults_big_cross, serial_shops, statue_bzr
Vaults:3: nicolae_vaults_little_squares_2, v_alt_pattern_6,
          nicolae_vaults_what_the_h, vaults_standard_mumra_x, v_misc_4,
          v_misc_29, layout_vaults_chaotic_city, uniq_jory
Vaults:4: v_alt_pattern_3, vaults_room_grid, dpeg_vaults_pockets_of_resistance,
          vaults_dpeg_diagonal, nicolae_vaults_little_squares_6,
          vaults_dpeg_ring, layout_vaults_omnigrid,
          portal_desolation_entry_holy_temple, serial_shops, nicolae_shop_stone
Vaults:5: uniq_xtahua
Depths:1: layout_gridlike, enter_ziggurat_c, abyss_entry, lightli_too_deep,
          hangedman_corner_corridor, serial_bayou_shore_b
Depths:2: minmay_bubble_buster, layout_cave_pools, hell_entry,
          mu_enter_wizlab_5, abandoned_shop, infiniplex_staircase_zigzag_4,
          uniq_saint_roka, uniq_nikola
Depths:3: gammafunk_corrupted_shrine, layout_small_grid, abyss_entry,
          hell_entry, grunt_pan_entry_zigzag, minmay_stone_trees_small,
          infiniplex_staircase_star, minmay_shoptagon
Depths:4: due_chaos_kobolds, layout_cave_shapes, nicolae_two_hexagons,
          ebering_ghost_inner_flame, rand_demon_pan_entry_7,
          abyss_entry_flame_altar, pf_hell_entry_tar_river
Depths:5: grunt_zot_entry_alcove, layout_basic, grunt_hell_entry_dis_grunt,
          serial_shops, freezing_bzr, serial_bayou_pond_d,
          minmay_misc_feat_ornament, grunt_megastairs_3, minmay_shop_grove,
          serial_bayou_shore_a, uniq_frederick
Hell
Coc:1:    layout_cocytus_water_paths
Coc:2:    layout_cocytus_water_paths
Coc:3:    layout_ice_bergs
Coc:4:    layout_ice_bergs, serial_ice, serial_ice_c, serial_ice_f,
          serial_ice_b, serial_ice_a, serial_ice_e, serial_ice_d
Coc:5:    layout_cocytus_delve
Coc:6:    layout_cocytus_water_paths
Coc:7:    coc_mu
Zot:1:    layout_onion, grunt_megastairs_4
Zot:2:    minmay_elemental_castle, layout_basic, grunt_megastairs_2
Zot:3:    layout_gridlike, gammafunk_ghost_grave
Zot:4:    layout_gridlike, grunt_ministairs_8
Zot:5:    layout_misc_corridors
Abyss:1
Abyss:4:  evilmike_abyss_rune_elephants_shrine
Pan:      evilmike_mini_pan_pillars, layout_grid_shapes
Bazaar:   bazaar_short_row
Sewer:    sewer_kobolds
IceCv:    ice_cave_caverns_01
Volcano:  volcano_tomb [vts_chambers]
WizLab:   wizlab_wucad
Desolation

Skill      XL: |  1  2  3  4  5  6  7  8  9 10 11 12 13 14 15 16 17 18 19 20 21 22 23 24 25 26 27 |
---------------+----------------------------------------------------------------------------------+-----
Axes           | 3 4 5 6 7 9 11 12 14 16 17 19 20 21 22 23 25 26 27 | 27.0
Dodging        | 2 3 4 5 7 8 10 12 | 12.3
Armour         | 3 4 5 6 7 8 9 10 12 13 14 15 17 | 17.2
Fighting       | 4 5 6 8 9 11 12 13 14 16 18 20 21 23 24 26 27 | 27.0
Evocations     | 1 2 3 4 5 7 8 9 10 12 | 12.1
Invocations    | 26 | 26.1

Action                   |  1- 3 |  4- 6 |  7- 9 | 10-12 | 13-15 | 16-18 | 19-21 | 22-24 | 25-27 || total
-------------------------+-------+-------+-------+-------+-------+-------+-------+-------+-------++-------
Melee: Hand axe          |   112 |   254 |   450 |       |       |       |       |       |       ||   816
       Battleaxe         |       |       |    44 |   417 |  1190 |  1607 |  1158 |   930 |  1169 ||  6515
       Spear             |       |       |       |    31 |    10 |       |       |       |       ||    41
       Halberd           |       |       |       |     4 |       |   160 |       |       |       ||   164
       Executioner's axe |       |       |       |       |    14 |       |       |       |  1538 ||  1552
Invok: Berserk           |     3 |     3 |    10 |    12 |    20 |    20 |     8 |     8 |     6 ||    90
       Trog's Hand       |       |       |     5 |     9 |    14 |    29 |    17 |    11 |    12 ||    97
       Brothers in Arms  |       |       |       |       |       |     5 |     1 |     2 |       ||     8
       Cleansing Flame   |       |       |       |       |       |       |       |       |    48 ||    48
       Divine Shield     |       |       |       |       |       |       |       |       |    12 ||    12
       Summon Divine War |       |       |       |       |       |       |       |       |     8 ||     8
       Brand Weapon With |       |       |       |       |       |       |       |       |     1 ||     1
 Abil: Fly               |       |       |       |       |       |     1 |       |       |       ||     1
       Evoke Invisibilit |       |       |       |       |       |       |     1 |       |       ||     1
Evoke: Wand              |       |       |       |     3 |     3 |    10 |     3 |       |    11 ||    30
       Box of beasts     |       |       |       |       |       |     1 |       |       |       ||     1
       Sack of spiders   |       |       |       |       |       |       |       |       |     3 ||     3
  Use: Scroll            |       |       |     7 |     8 |    15 |    10 |     7 |     8 |    25 ||    80
       Potion            |       |       |       |       |     2 |     1 |       |     6 |    15 ||    24
 Stab: Sleeping          |     1 |       |       |       |       |     1 |     3 |       |       ||     5
       Confused          |       |       |       |     1 |       |     1 |       |       |       ||     2
       Paralysed         |       |       |       |       |     2 |    10 |       |       |       ||    12
       Distracted        |       |       |       |       |       |     2 |     2 |     1 |       ||     5
       Invisible         |       |       |       |       |       |       |     8 |       |       ||     8
  Eat: Ration            |     1 |       |       |     4 |     7 |     7 |     4 |     5 |    16 ||    44
       Chunk             |       |     9 |    25 |    16 |    34 |    32 |    15 |    15 |    26 ||   172
Armor: Animal skin       |    28 |       |       |       |       |       |       |       |       ||    28
       Chain mail        |    41 |   150 |    17 |   331 |   510 |       |       |       |       ||  1049
       Plate armour      |       |       |   333 |    86 |       |       |       |       |       ||   419
       Scale mail        |       |       |       |       |   286 |  1763 |   795 |       |       ||  2844
       Gold dragon scale |       |       |       |       |       |       |   221 |  1089 |  3190 ||  4500
Dodge: Dodged            |    71 |   119 |   191 |   221 |   656 |  1603 |   911 |   469 |  1272 ||  5513
Block: Other             |       |       |       |    14 |   139 |       |       |       |   311 ||   464
       Reflection        |       |       |       |     2 |     8 |       |       |       |     4 ||    14

Table legend:
 A = Non-vault XP
 B = Vault XP
 C = Vault XP percentage of total XP
 D = Non-vault monster count
 E = Vault monster count
 F = Vault count percentage of total count
                 A         B        C        D         E       F
            +---------+---------+-------+---------+---------+-------
      Total | 1065717 |  884932 |  45.4 |    1826 |    1088 |  37.3
            +---------+---------+-------+---------+---------+-------
        D:1 |      24 |       0 |   0.0 |      10 |       0 |   0.0
        D:2 |      89 |      55 |  38.2 |      28 |       5 |  15.2
        D:3 |     125 |      36 |  22.4 |      26 |       1 |   3.7
        D:4 |     172 |       0 |   0.0 |      12 |       0 |   0.0
        D:5 |     778 |       0 |   0.0 |      16 |       0 |   0.0
        D:6 |    1096 |      67 |   5.8 |      34 |       3 |   8.1
        D:7 |    1059 |     215 |  16.9 |      27 |       1 |   3.6
        D:8 |    1144 |       0 |   0.0 |      20 |       0 |   0.0
        D:9 |    1531 |     283 |  15.6 |      26 |       1 |   3.7
       D:10 |    1652 |       0 |   0.0 |      21 |       0 |   0.0
       D:11 |    4209 |    3985 |  48.6 |      25 |       5 |  16.7
       D:12 |   12018 |    1379 |  10.3 |      61 |      25 |  29.1
       D:13 |    7947 |     753 |   8.7 |      21 |       8 |  27.6
       D:14 |   10890 |    3508 |  24.4 |      51 |       9 |  15.0
       D:15 |   17636 |    6577 |  27.2 |      50 |      19 |  27.5
     Lair:1 |    4321 |       0 |   0.0 |      17 |       0 |   0.0
     Lair:2 |    2075 |    1011 |  32.8 |       6 |       2 |  25.0
     Lair:3 |    1216 |    2009 |  62.3 |       7 |       8 |  53.3
     Lair:4 |    5574 |    1684 |  23.2 |      20 |       9 |  31.0
     Lair:5 |    3517 |   21432 |  85.9 |      17 |      43 |  71.7
     Lair:6 |   12685 |   12063 |  48.7 |      46 |      48 |  51.1
    Swamp:1 |     477 |       0 |   0.0 |       2 |       0 |   0.0
    Swamp:2 |    4586 |       0 |   0.0 |      12 |       0 |   0.0
    Swamp:3 |   14927 |    3355 |  18.4 |      30 |       5 |  14.3
    Swamp:4 |    3843 |   15923 |  80.6 |       8 |      24 |  75.0
   Spider:1 |    2810 |       0 |   0.0 |       6 |       0 |   0.0
   Spider:2 |    5554 |    8816 |  61.4 |      12 |      19 |  61.3
   Spider:3 |    2504 |       0 |   0.0 |       3 |       0 |   0.0
   Spider:4 |   12041 |   28464 |  70.3 |      30 |      46 |  60.5
      Orc:1 |     556 |       0 |   0.0 |      12 |       0 |   0.0
      Orc:2 |    8156 |    8912 |  52.2 |      60 |      35 |  36.8
   Vaults:1 |   18520 |    5428 |  22.7 |      39 |       9 |  18.8
   Vaults:2 |   28187 |    8806 |  23.8 |      43 |      15 |  25.9
   Vaults:3 |   22838 |   15127 |  39.8 |      43 |      25 |  36.8
   Vaults:4 |   20160 |    9137 |  31.2 |      29 |       5 |  14.7
   Vaults:5 |   23669 |  116638 |  83.1 |      25 |      87 |  77.7
   Depths:1 |   46934 |    3223 |   6.4 |      65 |       3 |   4.4
   Depths:2 |   28709 |   20510 |  41.7 |      36 |      29 |  44.6
   Depths:3 |   59720 |   20845 |  25.9 |      76 |      27 |  26.2
   Depths:4 |   56400 |    5883 |   9.4 |      62 |      16 |  20.5
   Depths:5 |   48201 |   39324 |  44.9 |      57 |      30 |  34.5
       Hell |   10965 |   37953 |  77.6 |      21 |      54 |  72.0
      Coc:1 |    1778 |       0 |   0.0 |       4 |       0 |   0.0
      Coc:2 |     923 |       0 |   0.0 |       3 |       0 |   0.0
      Coc:3 |    9959 |       0 |   0.0 |      24 |       0 |   0.0
      Coc:5 |   18835 |       0 |   0.0 |      46 |       0 |   0.0
      Coc:7 |   38530 |   32536 |  45.8 |      73 |      49 |  40.2
      Zot:1 |   25045 |    6473 |  20.5 |      17 |       4 |  19.0
      Zot:2 |   49469 |   35938 |  42.1 |      28 |      22 |  44.0
      Zot:3 |   38122 |    3981 |   9.5 |      18 |       1 |   5.3
      Zot:4 |   14914 |    1744 |  10.5 |      11 |       2 |  15.4
      Zot:5 |   60967 |   82575 |  57.5 |      41 |      20 |  32.8
    Abyss:1 |      39 |    2902 |  98.7 |       1 |       1 |  50.0
    Abyss:4 |    1503 |   17997 |  92.3 |       3 |      16 |  84.2
        Pan |  296118 |  239751 |  44.7 |     345 |     199 |  36.6
      Sewer |       0 |     136 | 100.0 |       0 |      12 | 100.0
      IceCv |       0 |   13561 | 100.0 |       0 |      56 | 100.0
    Volcano |       0 |    7076 | 100.0 |       0 |      21 | 100.0
     WizLab |       0 |    1177 | 100.0 |       0 |       1 | 100.0
 Desolation |       0 |   35684 | 100.0 |       0 |      68 | 100.0
            +---------+---------+-------+---------+---------+-------
